3029 views
Uploaded 2019-12-01 20:40:39
Game version 1.32.0.2 / 1.32.0.2.1
45:51 long 4on4 ladder game on (8)Feralas_LV
Saved by BEARAND
3029 views
Uploaded 2019-12-01 20:40:39
Game version 1.32.0.2 / 1.32.0.2.1
45:51 long 4on4 ladder game on (8)Feralas_LV


196 units @ 32.7k
/ 6.1k
90 buildings @ 12.7k
/ 5.4k



| Acolyte | 8 | 600 | / | 0 |
| Ghoul | 6 | 720 | / | 0 |
| Crypt Fiend | 4 | 860 | / | 160 |
| Frost Wyrm | 4 | 1540 | / | 480 |
| Abomination | 8 | 1920 | / | 560 |
| total: | 30 | 5640g | / | 1200w |
| Nerubian Tower | 4 | 400 | / | 80 |
| Spirit Tower | 8 | 1160 | / | 320 |
| Ziggurat | 12 | 1800 | / | 600 |
| Altar of Darkness | 1 | 180 | / | 50 |
| Crypt | 2 | 400 | / | 100 |
| Graveyard | 2 | 430 | / | 0 |
| Necropolis | 1 | 225 | / | 0 |
| Sacrificial Pit | 1 | 75 | / | 150 |
| Slaughterhouse | 3 | 420 | / | 405 |
| Boneyard | 2 | 350 | / | 400 |
| Halls of the Dead | 1 | 320 | / | 210 |
| Black Citadel | 1 | 325 | / | 230 |
| total: | 24 | 3880g | / | 1705w |
| 0:13 | Ziggurat |
| 0:22 | Altar of Darkness |
| 0:27 | Crypt |
| 0:33 | Acolyte |
| 0:55 | Acolyte |
| 0:58 | Acolyte |
| 1:09 | Nerubian Tower |
| 1:49 | Graveyard |
| 1:57 | Ghoul |
| 1:57 | Ghoul |
| 2:11 | Ghoul |
| 2:26 | Ghoul |
| 2:38 | Ziggurat |
| 2:51 | Ziggurat |
| 3:00 | Unholy Aura |
| 3:35 | Spirit Tower |
| 4:18 | Death Coil |
| 4:31 | Ghoul |
| 4:31 | Ghoul |
| 4:43 | Spirit Tower |
| 4:51 | Crypt |
| 4:54 | Ziggurat |
| 5:54 | Spirit Tower |
| 6:20 | Crypt Fiend |
| 6:22 | Halls of the Dead |
| 7:16 | Crypt Fiend |
| 7:17 | Crypt Fiend |
| 7:34 | Ziggurat |
| 7:37 | Ziggurat |
| 7:54 | Creature Attack |
| 8:43 | Unholy Aura |
| 8:58 | Nerubian Tower |
| 9:00 | Spirit Tower |
| 9:28 | Sacrificial Pit |
| 9:56 | Frost Nova |
| 10:12 | Black Citadel |
| 12:17 | Ziggurat |
| 12:20 | Ziggurat |
| 12:23 | Ziggurat |
| 12:57 | Boneyard |
| 13:01 | Boneyard |
| 13:35 | Improved Creature Attack |
| 13:45 | Spirit Tower |
| 13:52 | Nerubian Tower |
| 14:10 | Spirit Tower |
| 14:26 | Creature Carapace |
| 15:13 | Ziggurat |
| 15:22 | Ziggurat |
| 15:33 | Ziggurat |
| 15:57 | Ghoul Frenzy |
| 16:43 | Frost Wyrm |
| 17:09 | Frost Wyrm |
| 17:39 | Necropolis |
| 18:36 | Freezing Breath |
| 18:47 | Nerubian Tower |
| 19:16 | Frost Armor |
| 20:10 | Spirit Tower |
| 20:13 | Spirit Tower |
| 20:38 | Acolyte |
| 20:38 | Acolyte |
| 20:38 | Acolyte |
| 20:38 | Acolyte |
| 20:39 | Acolyte |
| 22:19 | Advanced Creature Attack |
| 22:20 | Improved Creature Carapace |
| 25:06 | Frost Wyrm |
| 25:08 | Frost Wyrm |
| 25:24 | Crypt Fiend |
| 25:37 | Graveyard |
| 27:07 | Impale |
| 27:42 | Web |
| 27:55 | Advanced Creature Carapace |
| 29:38 | Frost Nova |
| 30:53 | Unholy Strength |
| 30:55 | Unholy Armor |
| 31:10 | Slaughterhouse |
| 31:11 | Slaughterhouse |
| 31:16 | Slaughterhouse |
| 34:14 | Disease Cloud |
| 34:19 | Improved Unholy Armor |
| 34:20 | Improved Unholy Strength |
| 34:24 | Abomination |
| 34:24 | Abomination |
| 34:24 | Abomination |
| 34:25 | Abomination |
| 34:25 | Abomination |
| 35:49 | Abomination |
| 35:49 | Abomination |
| 35:49 | Abomination |
| 36:29 | Spiked Carapace |
| 36:44 | Advanced Unholy Strength |
| 37:05 | Advanced Unholy Armor |
| Right click | 1037 |
| Select | 232 |
| Build/train/purchase | 73 |
| Use ability | 42 |
| Esc | 1 |


| Rod of Necromancy | 2 | 300 |
| Orb of Corruption | 1 | 375 |
| Scroll of Healing | 1 | 250 |
| Scroll of Town Portal | 3 | 1050 |
| total: | 7 | 1975g |
| Acolyte | 7 | 525 | / | 0 |
| Ghoul | 6 | 720 | / | 0 |
| Crypt Fiend | 5 | 1075 | / | 200 |
| Gargoyle | 8 | 1400 | / | 240 |
| Necromancer | 4 | 580 | / | 80 |
| Obsidian Statue | 1 | 200 | / | 35 |
| Meat Wagon | 7 | 1610 | / | 350 |
| Frost Wyrm | 10 | 3850 | / | 1200 |
| total: | 48 | 9960g | / | 2105w |
| Nerubian Tower | 2 | 200 | / | 40 |
| Spirit Tower | 2 | 290 | / | 80 |
| Altar of Darkness | 1 | 180 | / | 50 |
| Crypt | 2 | 400 | / | 100 |
| Ziggurat | 8 | 1200 | / | 400 |
| Tomb of Relics | 1 | 130 | / | 30 |
| Graveyard | 1 | 215 | / | 0 |
| Temple of the Damned | 1 | 155 | / | 140 |
| Slaughterhouse | 1 | 140 | / | 135 |
| Sacrificial Pit | 1 | 75 | / | 150 |
| Boneyard | 2 | 350 | / | 400 |
| Halls of the Dead | 1 | 320 | / | 210 |
| Black Citadel | 1 | 325 | / | 230 |
| total: | 18 | 2845g | / | 1405w |
| 0:04 | Acolyte |
| 0:12 | Altar of Darkness |
| 0:16 | Crypt |
| 0:19 | Acolyte |
| 0:35 | Ziggurat |
| 1:00 | Tomb of Relics |
| 1:03 | Acolyte |
| 1:19 | Ghoul |
| 1:28 | Ghoul |
| 1:34 | Ziggurat |
| 1:56 | Ghoul |
| 2:06 | Graveyard |
| 2:16 | Ghoul |
| 2:28 | Death Coil |
| 2:31 | Rod of Necromancy |
| 3:05 | Ghoul |
| 3:06 | Ghoul |
| 3:49 | Unholy Aura |
| 3:55 | Crypt Fiend |
| 3:56 | Crypt Fiend |
| 3:57 | Creature Attack |
| 4:31 | Halls of the Dead |
| 5:42 | Creature Carapace |
| 5:43 | Ziggurat |
| 5:57 | Ziggurat |
| 6:18 | Crypt Fiend |
| 6:18 | Crypt Fiend |
| 6:29 | Crypt |
| 6:45 | Nerubian Tower |
| 6:52 | Gargoyle |
| 6:54 | Improved Creature Attack |
| 7:06 | Temple of the Damned |
| 7:17 | Rod of Necromancy |
| 7:48 | Gargoyle |
| 7:50 | Death Coil |
| 8:16 | Gargoyle |
| 8:41 | Improved Creature Carapace |
| 9:03 | Gargoyle |
| 9:30 | Unholy Aura |
| 9:39 | Scroll of Healing |
| 9:47 | Acolyte |
| 10:21 | Black Citadel |
| 10:54 | Gargoyle |
| 12:01 | Gargoyle |
| 12:03 | Necromancer |
| 12:31 | Scroll of Town Portal |
| 12:41 | Necromancer |
| 12:43 | Ziggurat |
| 12:49 | Acolyte |
| 13:12 | Stone Form |
| 13:16 | Necromancer |
| 13:22 | Slaughterhouse |
| 13:25 | Acolyte |
| 13:37 | Spirit Tower |
| 13:57 | Advanced Creature Attack |
| 14:14 | Ziggurat |
| 14:18 | Necromancer |
| 14:29 | Acolyte |
| 14:35 | Orb of Corruption |
| 14:54 | Obsidian Statue |
| 14:56 | Meat Wagon |
| 15:13 | Meat Wagon |
| 15:46 | Gargoyle |
| 16:20 | Meat Wagon |
| 16:31 | Advanced Creature Carapace |
| 16:37 | Skeletal Mastery |
| 17:02 | Scroll of Town Portal |
| 17:14 | Nerubian Tower |
| 18:11 | Crypt Fiend |
| 18:12 | Gargoyle |
| 18:42 | Scroll of Town Portal |
| 18:58 | Unholy Armor |
| 19:01 | Meat Wagon |
| 19:17 | Sacrificial Pit |
| 19:43 | Ziggurat |
| 19:58 | Meat Wagon |
| 20:05 | Boneyard |
| 20:49 | Boneyard |
| 21:04 | Meat Wagon |
| 21:06 | Ziggurat |
| 21:36 | Spirit Tower |
| 21:44 | Freezing Breath |
| 21:47 | Frost Wyrm |
| 22:46 | Frost Wyrm |
| 27:14 | Frost Wyrm |
| 27:15 | Frost Wyrm |
| 27:17 | Meat Wagon |
| 29:02 | Frost Wyrm |
| 31:28 | Frost Wyrm |
| 32:41 | Frost Wyrm |
| 33:05 | Frost Arrows |
| 35:28 | Frost Wyrm |
| 35:30 | Frost Wyrm |
| 43:24 | Death Coil |
| 44:24 | Frost Wyrm |
| Right click | 2189 |
| Select group | 806 |
| Select | 520 |
| Misc. action | 175 |
| Build/train/purchase | 156 |
| Assign group | 60 |
| Use ability | 50 |
| Minimap ping | 7 |
| Remove unit | 4 |
| Esc | 1 |



| Scroll of Regeneration | 5 | 500 |
| Lesser Clarity Potion | 1 | 70 |
| Orb of Fire | 1 | 325 |
| total: | 7 | 895g |
| Peasant | 14 | 1050 | / | 0 |
| Footman | 13 | 1755 | / | 0 |
| Priest | 11 | 1485 | / | 110 |
| Flying Machine | 2 | 200 | / | 60 |
| Spell Breaker | 2 | 430 | / | 60 |
| Knight | 6 | 1470 | / | 360 |
| Mortar Team | 12 | 2160 | / | 840 |
| total: | 60 | 8550g | / | 1430w |
| Scout Tower | 7 | 210 | / | 140 |
| Guard Tower | 1 | 70 | / | 50 |
| Altar of Kings | 1 | 180 | / | 50 |
| Barracks | 2 | 320 | / | 120 |
| Farm | 13 | 1040 | / | 260 |
| Arcane Vault | 1 | 130 | / | 30 |
| Blacksmith | 1 | 140 | / | 60 |
| Lumber Mill | 2 | 240 | / | 0 |
| Town Hall | 1 | 385 | / | 205 |
| Cannon Tower | 1 | 120 | / | 100 |
| Arcane Sanctum | 1 | 150 | / | 140 |
| Workshop | 1 | 140 | / | 140 |
| Keep | 1 | 320 | / | 210 |
| Castle | 1 | 360 | / | 210 |
| total: | 30 | 2935g | / | 1145w |
| 0:04 | Peasant |
| 0:11 | Altar of Kings |
| 0:14 | Peasant |
| 0:22 | Barracks |
| 0:45 | Farm |
| 0:47 | Peasant |
| 1:17 | Peasant |
| 1:23 | Footman |
| 1:30 | Footman |
| 1:36 | Farm |
| 1:45 | Arcane Vault |
| 2:13 | Peasant |
| 2:14 | Peasant |
| 2:15 | Peasant |
| 2:16 | Peasant |
| 2:27 | Thunder Clap |
| 2:41 | Footman |
| 2:45 | Farm |
| 2:56 | Peasant |
| 3:16 | Scroll of Regeneration |
| 3:17 | Scroll of Regeneration |
| 3:34 | Keep |
| 3:58 | Blacksmith |
| 4:05 | Farm |
| 4:18 | Bash |
| 4:26 | Footman |
| 4:27 | Footman |
| 4:30 | Footman |
| 4:43 | Farm |
| 4:45 | Iron Forged Swords |
| 5:51 | Defend |
| 5:52 | Iron Plating |
| 6:20 | Footman |
| 7:08 | Steel Plating |
| 7:17 | Lumber Mill |
| 7:23 | Banish |
| 7:25 | Storm Bolt |
| 8:06 | Improved Lumber Harvesting |
| 8:12 | Peasant |
| 8:12 | Peasant |
| 8:18 | Town Hall |
| 8:20 | Scroll of Regeneration |
| 8:21 | Scroll of Regeneration |
| 9:28 | Peasant |
| 9:28 | Peasant |
| 9:32 | Arcane Sanctum |
| 9:54 | Scout Tower |
| 9:56 | Scout Tower |
| 9:57 | Scout Tower |
| 9:59 | Peasant |
| 11:39 | Flame Strike |
| 11:48 | Footman |
| 11:48 | Footman |
| 11:48 | Footman |
| 11:48 | Footman |
| 11:49 | Footman |
| 11:49 | Footman |
| 11:57 | Guard Tower |
| 12:00 | Workshop |
| 12:02 | Castle |
| 12:04 | Steel Forged Swords |
| 12:12 | Priest |
| 12:32 | Scroll of Regeneration |
| 12:34 | Lesser Clarity Potion |
| 12:43 | Priest |
| 12:44 | Priest Adept Training |
| 12:59 | Farm |
| 13:00 | Farm |
| 13:00 | Farm |
| 13:08 | Scout Tower |
| 13:11 | Scout Tower |
| 13:55 | Control Magic |
| 13:57 | Magic Sentry |
| 14:01 | Flying Machine |
| 14:02 | Flying Machine |
| 14:05 | Cannon Tower |
| 14:09 | Farm |
| 14:11 | Farm |
| 14:47 | Spell Breaker |
| 14:47 | Spell Breaker |
| 14:54 | Knight |
| 14:54 | Knight |
| 14:58 | Barracks |
| 15:50 | Mortar Team |
| 15:51 | Mortar Team |
| 16:00 | Scout Tower |
| 16:09 | Animal War Training |
| 16:11 | Sundering Blades |
| 17:34 | Mortar Team |
| 18:08 | Knight |
| 18:08 | Knight |
| 18:27 | Priest |
| 18:28 | Priest |
| 18:28 | Priest |
| 18:28 | Priest |
| 18:29 | Priest |
| 19:13 | Scout Tower |
| 19:24 | Mithril Forged Swords |
| 19:35 | Lumber Mill |
| 20:19 | Farm |
| 20:25 | Farm |
| 20:33 | Summon Water Elemental |
| 21:06 | Priest Master Training |
| 25:52 | Storm Bolt |
| 26:11 | Knight |
| 26:12 | Knight |
| 26:13 | Priest |
| 26:14 | Priest |
| 30:08 | Mithril Plating |
| 30:13 | Advanced Lumber Harvesting |
| 30:15 | Improved Masonry |
| 30:16 | Sorceress Adept Training |
| 30:56 | Orb of Fire |
| 31:23 | Mortar Team |
| 31:24 | Mortar Team |
| 31:24 | Mortar Team |
| 31:25 | Mortar Team |
| 31:30 | Farm |
| 32:42 | Mortar Team |
| 34:04 | Mortar Team |
| 34:05 | Mortar Team |
| 36:52 | Mortar Team |
| 36:53 | Mortar Team |
| 41:06 | Priest |
| 41:27 | Priest |
| 44:21 | Storm Bolt |
| Right click | 2316 |
| Select | 817 |
| Select group | 601 |
| Build/train/purchase | 136 |
| Misc. action | 79 |
| Use ability | 68 |
| Assign group | 44 |
| Chat | 36 |
| Minimap ping | 5 |
| Remove unit | 3 |


| Healing Salve | 3 | 300 |
| Scroll of Speed | 3 | 150 |
| Potion of Healing | 3 | 450 |
| Orb of Lightning | 1 | 375 |
| Lesser Clarity Potion | 1 | 70 |
| Potion of Mana | 1 | 200 |
| Scroll of Town Portal | 2 | 700 |
| Circlet of Nobility | 1 | 175 |
| total: | 15 | 2420g |
| Peon | 9 | 675 | / | 0 |
| Troll Headhunter | 19 | 2660 | / | 380 |
| Demolisher | 12 | 2640 | / | 600 |
| Kodo Beast | 1 | 255 | / | 60 |
| Troll Berserker | 12 | 1680 | / | 240 |
| Shaman | 5 | 650 | / | 100 |
| total: | 58 | 8560g | / | 1380w |
| Watch Tower | 2 | 220 | / | 160 |
| Altar of Storms | 1 | 180 | / | 50 |
| Orc Burrow | 8 | 1280 | / | 320 |
| Barracks | 2 | 360 | / | 100 |
| War Mill | 1 | 205 | / | 0 |
| Voodoo Lounge | 1 | 130 | / | 30 |
| Great Hall | 1 | 385 | / | 185 |
| Beastiary | 1 | 145 | / | 140 |
| Spirit Lodge | 1 | 150 | / | 150 |
| Stronghold | 1 | 315 | / | 190 |
| Fortress | 1 | 325 | / | 190 |
| total: | 18 | 3055g | / | 1135w |
| 0:06 | Peon |
| 0:06 | Peon |
| 0:11 | Altar of Storms |
| 0:23 | Orc Burrow |
| 0:24 | Peon |
| 0:41 | Peon |
| 1:09 | Barracks |
| 1:19 | War Mill |
| 1:23 | Peon |
| 1:24 | Peon |
| 1:49 | Barracks |
| 1:54 | Peon |
| 2:19 | Orc Burrow |
| 2:24 | Endurance Aura |
| 2:30 | Troll Headhunter |
| 2:45 | Peon |
| 3:13 | Troll Headhunter |
| 3:13 | Troll Headhunter |
| 3:41 | Orc Burrow |
| 3:43 | Troll Headhunter |
| 3:49 | Voodoo Lounge |
| 4:28 | Troll Headhunter |
| 4:28 | Troll Headhunter |
| 4:32 | Steel Ranged Weapons |
| 4:40 | Orc Burrow |
| 4:44 | Troll Headhunter |
| 4:55 | Healing Salve |
| 5:03 | War Stomp |
| 5:34 | Stronghold |
| 5:35 | Troll Headhunter |
| 5:35 | Troll Headhunter |
| 6:06 | Endurance Aura |
| 6:15 | Troll Headhunter |
| 6:15 | Troll Headhunter |
| 7:02 | Circlet of Nobility |
| 7:12 | Troll Headhunter |
| 7:12 | Troll Headhunter |
| 7:16 | Orc Burrow |
| 7:30 | Healing Salve |
| 7:35 | Healing Salve |
| 8:27 | Orc Burrow |
| 8:28 | Fortress |
| 8:32 | Troll Regeneration |
| 8:37 | War Stomp |
| 8:43 | Scroll of Speed |
| 9:18 | Thorium Ranged Weapons |
| 9:56 | Troll Headhunter |
| 9:56 | Troll Headhunter |
| 9:56 | Troll Headhunter |
| 10:09 | Potion of Healing |
| 11:34 | Berserker Upgrade |
| 11:35 | Troll Headhunter |
| 11:35 | Troll Headhunter |
| 11:35 | Troll Headhunter |
| 13:10 | Orb of Lightning |
| 13:11 | Potion of Healing |
| 13:55 | Great Hall |
| 15:04 | Arcanite Ranged Weapons |
| 15:18 | Beastiary |
| 15:43 | Burning Oil |
| 16:07 | Demolisher |
| 16:24 | Scroll of Speed |
| 16:38 | Kodo Beast |
| 16:54 | Peon |
| 17:19 | Demolisher |
| 17:26 | Orc Burrow |
| 17:52 | Scroll of Town Portal |
| 18:20 | Demolisher |
| 18:20 | Demolisher |
| 19:44 | Troll Berserker |
| 19:44 | Troll Berserker |
| 19:44 | Troll Berserker |
| 19:47 | War Drums Damage Increase |
| 19:51 | Orc Burrow |
| 19:53 | Reinforced Defenses |
| 20:08 | Spirit Lodge |
| 20:55 | Pocket Factory |
| 21:08 | Demolisher |
| 22:05 | Shaman Adept Training |
| 22:50 | Watch Tower |
| 22:51 | Watch Tower |
| 23:03 | Lesser Clarity Potion |
| 23:03 | Scroll of Speed |
| 26:15 | Endurance Aura |
| 26:31 | Troll Berserker |
| 26:32 | Troll Berserker |
| 26:32 | Troll Berserker |
| 26:32 | Troll Berserker |
| 27:43 | Potion of Healing |
| 27:45 | Scroll of Town Portal |
| 29:59 | Demolisher |
| 29:59 | Demolisher |
| 30:37 | Demolisher |
| 30:50 | Potion of Mana |
| 31:54 | Demolisher |
| 33:29 | Demolisher |
| 33:29 | Demolisher |
| 33:29 | Demolisher |
| 33:47 | Shaman Master Training |
| 33:47 | Shaman |
| 33:47 | Shaman |
| 33:48 | Shaman |
| 34:56 | Shaman |
| 34:56 | Shaman |
| 37:26 | Troll Berserker |
| 37:27 | Troll Berserker |
| 37:27 | Troll Berserker |
| 37:27 | Troll Berserker |
| 37:27 | Troll Berserker |
| Right click | 2003 |
| Select | 495 |
| Select group | 324 |
| Build/train/purchase | 175 |
| Misc. action | 133 |
| Assign group | 60 |
| Use ability | 28 |
| Minimap ping | 11 |
| Chat | 6 |
| Item give/drop | 3 |
| Remove unit | 2 |
104 units @ 11.2k
/ 0.9k
286 buildings @ 16.7k
/ 8.4k



| Scroll of Regeneration | 1 | 100 |
| Potion of Healing | 1 | 150 |
| Ivory Tower | 2 | 80 |
| Staff of Sanctuary | 2 | 500 |
| Scroll of Town Portal | 1 | 350 |
| Staff of Teleportation | 3 | 450 |
| Boots of Speed | 3 | 750 |
| Periapt of Vitality | 2 | 650 |
| Circlet of Nobility | 2 | 350 |
| Orb of Corruption | 2 | 750 |
| total: | 19 | 4130g |
| Peasant | 29 | 2175 | / | 0 |
| total: | 29 | 2175g | / | 0w |
| Scout Tower | 62 | 1860 | / | 1240 |
| Arcane Tower | 2 | 140 | / | 100 |
| Guard Tower | 27 | 1890 | / | 1350 |
| Altar of Kings | 1 | 180 | / | 50 |
| Farm | 3 | 240 | / | 60 |
| Lumber Mill | 3 | 360 | / | 0 |
| Town Hall | 1 | 385 | / | 205 |
| Arcane Vault | 1 | 130 | / | 30 |
| Arcane Sanctum | 1 | 150 | / | 140 |
| Keep | 1 | 320 | / | 210 |
| Castle | 1 | 360 | / | 210 |
| total: | 72 | 3305g | / | 1725w |
| 0:01 | Peasant |
| 0:06 | Altar of Kings |
| 0:11 | Peasant |
| 0:24 | Peasant |
| 0:34 | Farm |
| 0:36 | Peasant |
| 0:57 | Peasant |
| 1:12 | Lumber Mill |
| 1:15 | Peasant |
| 1:20 | Peasant |
| 1:34 | Scout Tower |
| 1:37 | Peasant |
| 1:45 | Peasant |
| 1:58 | Peasant |
| 2:01 | Farm |
| 2:02 | Arcane Tower |
| 2:13 | Blizzard |
| 2:53 | Peasant |
| 2:54 | Peasant |
| 3:06 | Farm |
| 3:35 | Brilliance Aura |
| 3:45 | Scout Tower |
| 3:46 | Scout Tower |
| 3:47 | Scout Tower |
| 3:47 | Scout Tower |
| 3:48 | Scout Tower |
| 4:02 | Peasant |
| 4:06 | Improved Masonry |
| 4:16 | Guard Tower |
| 4:17 | Arcane Tower |
| 4:29 | Town Hall |
| 4:33 | Guard Tower |
| 4:33 | Guard Tower |
| 4:36 | Scout Tower |
| 4:37 | Scout Tower |
| 4:53 | Guard Tower |
| 5:57 | Peasant |
| 5:58 | Peasant |
| 6:08 | Guard Tower |
| 6:09 | Scout Tower |
| 6:11 | Scout Tower |
| 6:35 | Scout Tower |
| 6:36 | Scout Tower |
| 6:37 | Scout Tower |
| 6:38 | Scout Tower |
| 6:53 | Peasant |
| 6:54 | Peasant |
| 7:01 | Guard Tower |
| 7:05 | Scout Tower |
| 7:06 | Scout Tower |
| 7:06 | Scout Tower |
| 7:44 | Guard Tower |
| 8:01 | Scout Tower |
| 8:02 | Scout Tower |
| 8:03 | Scout Tower |
| 8:03 | Scout Tower |
| 8:04 | Peasant |
| 8:04 | Peasant |
| 8:05 | Peasant |
| 8:23 | Peasant |
| 8:25 | Peasant |
| 8:28 | Guard Tower |
| 8:39 | Guard Tower |
| 8:47 | Blizzard |
| 9:28 | Arcane Vault |
| 9:34 | Peasant |
| 9:34 | Peasant |
| 9:37 | Keep |
| 9:41 | Guard Tower |
| 9:55 | Staff of Teleportation |
| 10:03 | Peasant |
| 10:11 | Scroll of Regeneration |
| 11:57 | Scout Tower |
| 11:57 | Scout Tower |
| 11:57 | Scout Tower |
| 11:58 | Scout Tower |
| 12:24 | Potion of Healing |
| 12:26 | Scroll of Town Portal |
| 13:07 | Guard Tower |
| 13:09 | Advanced Masonry |
| 13:10 | Castle |
| 13:15 | Scout Tower |
| 13:17 | Scout Tower |
| 13:18 | Scout Tower |
| 13:19 | Scout Tower |
| 13:20 | Scout Tower |
| 13:35 | Scout Tower |
| 13:37 | Scout Tower |
| 14:06 | Guard Tower |
| 14:19 | Scout Tower |
| 14:22 | Storm Bolt |
| 14:30 | Ivory Tower |
| 14:30 | Ivory Tower |
| 14:33 | Guard Tower |
| 14:34 | Peasant |
| 14:35 | Peasant |
| 14:36 | Arcane Sanctum |
| 14:55 | Guard Tower |
| 15:08 | Staff of Teleportation |
| 15:08 | Boots of Speed |
| 15:25 | Guard Tower |
| 15:29 | Guard Tower |
| 15:32 | Scout Tower |
| 15:32 | Scout Tower |
| 15:35 | Imbued Masonry |
| 15:36 | Improved Lumber Harvesting |
| 15:49 | Peasant |
| 16:06 | Scout Tower |
| 16:08 | Scout Tower |
| 16:22 | Scout Tower |
| 16:23 | Scout Tower |
| 16:24 | Scout Tower |
| 17:14 | Holy Light |
| 18:15 | Guard Tower |
| 18:26 | Scout Tower |
| 18:27 | Scout Tower |
| 18:27 | Scout Tower |
| 18:48 | Guard Tower |
| 18:51 | Scout Tower |
| 19:01 | Guard Tower |
| 19:19 | Guard Tower |
| 19:51 | Peasant |
| 20:03 | Periapt of Vitality |
| 20:04 | Boots of Speed |
| 20:04 | Circlet of Nobility |
| 20:09 | Guard Tower |
| 20:11 | Scout Tower |
| 20:13 | Scout Tower |
| 20:36 | Scout Tower |
| 20:37 | Scout Tower |
| 20:38 | Scout Tower |
| 20:49 | Staff of Teleportation |
| 21:37 | Guard Tower |
| 21:46 | Lumber Mill |
| 22:02 | Guard Tower |
| 22:15 | Scout Tower |
| 22:16 | Scout Tower |
| 22:17 | Scout Tower |
| 22:28 | Advanced Lumber Harvesting |
| 23:16 | Guard Tower |
| 23:19 | Scout Tower |
| 23:20 | Scout Tower |
| 23:20 | Scout Tower |
| 23:22 | Scout Tower |
| 24:18 | Guard Tower |
| 27:03 | Staff of Sanctuary |
| 27:52 | Lumber Mill |
| 27:54 | Scout Tower |
| 27:55 | Scout Tower |
| 27:56 | Scout Tower |
| 27:58 | Scout Tower |
| 27:58 | Scout Tower |
| 27:59 | Scout Tower |
| 30:51 | Orb of Corruption |
| 30:56 | Orb of Corruption |
| 32:04 | Divine Shield |
| 32:45 | Bash |
| 33:10 | Brilliance Aura |
| 36:09 | Staff of Sanctuary |
| 37:57 | Periapt of Vitality |
| 37:58 | Circlet of Nobility |
| 39:59 | Holy Light |
| 40:30 | Storm Bolt |
| 43:39 | Boots of Speed |
| 44:51 | Blizzard |
| Right click | 3344 |
| Select | 1367 |
| Select group | 767 |
| Assign group | 361 |
| Use ability | 179 |
| Build/train/purchase | 133 |
| Misc. action | 40 |
| Minimap ping | 17 |
| Item give/drop | 4 |
| Esc | 1 |



x1)
| Scroll of Regeneration | 4 | 400 |
| Mechanical Critter | 2 | 100 |
| Staff of Sanctuary | 3 | 750 |
| Orb of Fire | 3 | 975 |
| Lesser Clarity Potion | 2 | 140 |
| Scroll of Town Portal | 1 | 350 |
| Boots of Speed | 3 | 750 |
| Staff of Teleportation | 3 | 450 |
| Tome of Retraining | 1 | 300 |
| Periapt of Vitality | 1 | 325 |
| Orb of Corruption | 1 | 375 |
| total: | 24 | 4915g |
| Peasant | 20 | 1500 | / | 0 |
| Priest | 1 | 135 | / | 10 |
| Sorceress | 2 | 310 | / | 40 |
| Dragonhawk Rider | 6 | 1200 | / | 180 |
| total: | 29 | 3145g | / | 230w |
| Scout Tower | 74 | 2220 | / | 1480 |
| Arcane Tower | 8 | 560 | / | 400 |
| Guard Tower | 30 | 2100 | / | 1500 |
| Altar of Kings | 1 | 180 | / | 50 |
| Farm | 5 | 400 | / | 100 |
| Lumber Mill | 1 | 120 | / | 0 |
| Arcane Vault | 2 | 260 | / | 60 |
| Town Hall | 1 | 385 | / | 205 |
| Barracks | 1 | 160 | / | 60 |
| Blacksmith | 1 | 140 | / | 60 |
| Arcane Sanctum | 1 | 150 | / | 140 |
| Gryphon Aviary | 2 | 280 | / | 300 |
| Keep | 1 | 320 | / | 210 |
| Castle | 1 | 360 | / | 210 |
| total: | 89 | 4295g | / | 2455w |
| 0:01 | Peasant |
| 0:07 | Altar of Kings |
| 0:08 | Peasant |
| 0:18 | Farm |
| 0:24 | Peasant |
| 0:33 | Lumber Mill |
| 0:34 | Peasant |
| 0:43 | Peasant |
| 0:48 | Farm |
| 1:07 | Peasant |
| 1:14 | Scout Tower |
| 1:20 | Scout Tower |
| 1:22 | Peasant |
| 1:29 | Arcane Vault |
| 1:31 | Peasant |
| 1:37 | Peasant |
| 1:49 | Arcane Tower |
| 1:56 | Peasant |
| 2:02 | Scout Tower |
| 2:07 | Summon Water Elemental |
| 2:21 | Peasant |
| 2:22 | Improved Masonry |
| 2:45 | Peasant |
| 2:47 | Guard Tower |
| 2:48 | Scout Tower |
| 2:58 | Peasant |
| 3:03 | Scout Tower |
| 3:04 | Scout Tower |
| 3:05 | Scout Tower |
| 3:14 | Brilliance Aura |
| 3:31 | Peasant |
| 3:38 | Guard Tower |
| 3:43 | Peasant |
| 3:51 | Guard Tower |
| 3:56 | Scroll of Regeneration |
| 3:56 | Mechanical Critter |
| 3:57 | Mechanical Critter |
| 4:04 | Keep |
| 4:20 | Scout Tower |
| 4:34 | Guard Tower |
| 4:37 | Scout Tower |
| 4:41 | Summon Water Elemental |
| 4:52 | Arcane Tower |
| 5:36 | Guard Tower |
| 5:37 | Scout Tower |
| 5:38 | Scout Tower |
| 6:05 | Guard Tower |
| 6:12 | Scout Tower |
| 6:13 | Scout Tower |
| 6:13 | Scout Tower |
| 6:14 | Scout Tower |
| 6:14 | Scout Tower |
| 6:28 | Advanced Masonry |
| 6:28 | Improved Lumber Harvesting |
| 6:31 | Farm |
| 6:41 | Scout Tower |
| 6:41 | Arcane Tower |
| 6:49 | Castle |
| 6:59 | Arcane Tower |
| 7:01 | Scout Tower |
| 7:02 | Scout Tower |
| 7:02 | Scout Tower |
| 7:13 | Boots of Speed |
| 7:13 | Staff of Teleportation |
| 7:27 | Guard Tower |
| 7:42 | Town Hall |
| 8:00 | Guard Tower |
| 8:24 | Guard Tower |
| 8:38 | Brilliance Aura |
| 8:54 | Scout Tower |
| 8:54 | Scout Tower |
| 8:55 | Guard Tower |
| 9:03 | Arcane Sanctum |
| 9:20 | Scout Tower |
| 9:20 | Scout Tower |
| 9:31 | Imbued Masonry |
| 9:31 | Advanced Lumber Harvesting |
| 9:36 | Storm Bolt |
| 9:52 | Guard Tower |
| 9:53 | Scout Tower |
| 9:55 | Peasant |
| 9:59 | Guard Tower |
| 10:13 | Farm |
| 10:22 | Arcane Tower |
| 10:26 | Scout Tower |
| 10:28 | Scout Tower |
| 10:29 | Scout Tower |
| 10:30 | Scout Tower |
| 10:44 | Magic Sentry |
| 10:59 | Guard Tower |
| 11:01 | Peasant |
| 11:01 | Peasant |
| 11:20 | Staff of Sanctuary |
| 11:32 | Peasant |
| 11:33 | Peasant |
| 11:33 | Guard Tower |
| 11:35 | Scout Tower |
| 11:36 | Scout Tower |
| 11:36 | Scout Tower |
| 11:51 | Tome of Retraining |
| 11:51 | Retrain Hero |
| 11:53 | Blizzard |
| 11:53 | Brilliance Aura |
| 12:04 | Boots of Speed |
| 12:04 | Staff of Teleportation |
| 12:28 | Scroll of Town Portal |
| 13:10 | Guard Tower |
| 13:12 | Scout Tower |
| 13:14 | Scout Tower |
| 13:14 | Scout Tower |
| 13:23 | Arcane Tower |
| 13:44 | Scout Tower |
| 13:55 | Guard Tower |
| 14:08 | Holy Light |
| 14:15 | Guard Tower |
| 14:20 | Staff of Sanctuary |
| 14:26 | Gryphon Aviary |
| 14:27 | Arcane Vault |
| 14:29 | Gryphon Aviary |
| 14:30 | Barracks |
| 14:30 | Blacksmith |
| 14:34 | Scroll of Regeneration |
| 14:41 | Orb of Fire |
| 14:50 | Guard Tower |
| 14:52 | Scout Tower |
| 14:53 | Scout Tower |
| 14:54 | Scout Tower |
| 14:54 | Scout Tower |
| 15:01 | Sorceress Adept Training |
| 15:01 | Priest Adept Training |
| 15:02 | Priest |
| 15:02 | Sorceress |
| 15:13 | Scout Tower |
| 15:13 | Scout Tower |
| 15:39 | Scout Tower |
| 15:48 | Dragonhawk Rider |
| 15:57 | Orb of Fire |
| 15:58 | Staff of Sanctuary |
| 16:07 | Guard Tower |
| 16:16 | Guard Tower |
| 16:19 | Scout Tower |
| 16:20 | Scout Tower |
| 16:21 | Scout Tower |
| 16:21 | Guard Tower |
| 16:34 | Dragonhawk Rider |
| 16:47 | Guard Tower |
| 16:50 | Scout Tower |
| 16:50 | Scout Tower |
| 16:51 | Scout Tower |
| 16:56 | Boots of Speed |
| 17:02 | Sorceress Master Training |
| 17:02 | Priest Master Training |
| 17:09 | Scout Tower |
| 17:09 | Scout Tower |
| 17:22 | Staff of Teleportation |
| 17:35 | Farm |
| 17:46 | Guard Tower |
| 17:51 | Scout Tower |
| 17:52 | Scout Tower |
| 17:57 | Bash |
| 18:21 | Orb of Fire |
| 18:37 | Guard Tower |
| 18:39 | Scout Tower |
| 18:40 | Scout Tower |
| 18:42 | Scout Tower |
| 19:07 | Guard Tower |
| 19:09 | Scout Tower |
| 19:10 | Scout Tower |
| 19:10 | Scout Tower |
| 19:10 | Scout Tower |
| 19:11 | Scout Tower |
| 20:03 | Guard Tower |
| 20:09 | Scout Tower |
| 20:09 | Scout Tower |
| 20:10 | Scout Tower |
| 20:39 | Scroll of Regeneration |
| 22:00 | Guard Tower |
| 22:01 | Scout Tower |
| 22:01 | Scout Tower |
| 22:02 | Scout Tower |
| 22:04 | Arcane Tower |
| 22:04 | Guard Tower |
| 22:09 | Scout Tower |
| 22:09 | Scout Tower |
| 22:10 | Scout Tower |
| 22:10 | Scout Tower |
| 22:11 | Scout Tower |
| 22:25 | Periapt of Vitality |
| 22:39 | Dragonhawk Rider |
| 22:42 | Iron Forged Swords |
| 22:42 | Studded Leather Armor |
| 22:42 | Animal War Training |
| 22:50 | Sorceress |
| 23:25 | Guard Tower |
| 23:26 | Scout Tower |
| 23:27 | Scout Tower |
| 24:57 | Divine Shield |
| 25:05 | Arcane Tower |
| 26:10 | Guard Tower |
| 27:10 | Dragonhawk Rider |
| 31:00 | Blizzard |
| 31:31 | Steel Forged Swords |
| 31:31 | Reinforced Leather Armor |
| 34:10 | Dragonhawk Rider |
| 34:18 | Dragonhawk Rider |
| 37:23 | Mithril Forged Swords |
| 37:23 | Dragonhide Armor |
| 38:09 | Orb of Corruption |
| 39:36 | Holy Light |
| 40:19 | Bash |
| 41:04 | Scroll of Regeneration |
| 41:06 | Lesser Clarity Potion |
| 41:13 | Lesser Clarity Potion |
| Right click | 3281 |
| Select group | 2364 |
| Select | 591 |
| Assign group | 319 |
| Use ability | 256 |
| Build/train/purchase | 201 |
| Chat | 73 |
| Misc. action | 72 |
| Item give/drop | 13 |
| Remove unit | 1 |



| Rod of Necromancy | 1 | 150 |
| Orb of Corruption | 3 | 1125 |
| Scroll of Town Portal | 2 | 700 |
| Boots of Speed | 3 | 750 |
| Staff of Teleportation | 3 | 450 |
| Circlet of Nobility | 1 | 175 |
| total: | 13 | 3350g |
| Acolyte | 11 | 825 | / | 0 |
| Ghoul | 4 | 480 | / | 0 |
| Crypt Fiend | 6 | 1290 | / | 240 |
| Obsidian Statue | 2 | 400 | / | 70 |
| Frost Wyrm | 2 | 770 | / | 240 |
| total: | 25 | 3765g | / | 550w |
| Nerubian Tower | 1 | 100 | / | 20 |
| Spirit Tower | 9 | 1305 | / | 360 |
| Altar of Darkness | 1 | 180 | / | 50 |
| Ziggurat | 20 | 3000 | / | 1000 |
| Crypt | 1 | 200 | / | 50 |
| Graveyard | 1 | 215 | / | 0 |
| Tomb of Relics | 2 | 260 | / | 60 |
| Necropolis | 1 | 225 | / | 0 |
| Slaughterhouse | 2 | 280 | / | 270 |
| Sacrificial Pit | 1 | 75 | / | 150 |
| Boneyard | 1 | 175 | / | 200 |
| Halls of the Dead | 1 | 320 | / | 210 |
| Black Citadel | 1 | 325 | / | 230 |
| total: | 30 | 4610g | / | 1780w |
| 0:03 | Acolyte |
| 0:03 | Acolyte |
| 0:06 | Altar of Darkness |
| 0:11 | Ziggurat |
| 0:34 | Crypt |
| 0:58 | Graveyard |
| 1:21 | Ziggurat |
| 1:31 | Tomb of Relics |
| 1:40 | Ghoul |
| 1:40 | Ghoul |
| 1:54 | Ghoul |
| 2:02 | Nerubian Tower |
| 2:06 | Death Coil |
| 2:35 | Rod of Necromancy |
| 2:51 | Crypt Fiend |
| 3:12 | Crypt Fiend |
| 3:29 | Crypt Fiend |
| 3:50 | Halls of the Dead |
| 3:52 | Unholy Aura |
| 4:12 | Crypt Fiend |
| 5:02 | Necropolis |
| 5:17 | Ziggurat |
| 5:31 | Ghoul |
| 6:33 | Acolyte |
| 6:34 | Acolyte |
| 6:34 | Acolyte |
| 6:49 | Crypt Fiend |
| 7:07 | Ziggurat |
| 7:16 | Frost Nova |
| 7:19 | Ziggurat |
| 7:33 | Death Coil |
| 7:54 | Crypt Fiend |
| 7:56 | Black Citadel |
| 7:58 | Web |
| 8:09 | Boots of Speed |
| 8:28 | Slaughterhouse |
| 8:30 | Spirit Tower |
| 8:33 | Acolyte |
| 8:33 | Acolyte |
| 8:33 | Acolyte |
| 9:03 | Ziggurat |
| 9:06 | Ziggurat |
| 9:11 | Dark Ritual |
| 10:01 | Spirit Tower |
| 10:02 | Spirit Tower |
| 10:05 | Ziggurat |
| 10:07 | Ziggurat |
| 10:08 | Ziggurat |
| 10:13 | Creature Attack |
| 10:15 | Creature Carapace |
| 11:02 | Spirit Tower |
| 11:04 | Spirit Tower |
| 11:55 | Spirit Tower |
| 12:07 | Orb of Corruption |
| 12:30 | Carrion Swarm |
| 12:56 | Ziggurat |
| 12:57 | Ziggurat |
| 12:58 | Ziggurat |
| 13:07 | Slaughterhouse |
| 13:12 | Boots of Speed |
| 13:13 | Staff of Teleportation |
| 13:53 | Unholy Aura |
| 14:09 | Orb of Corruption |
| 14:13 | Obsidian Statue |
| 14:25 | Spirit Tower |
| 14:27 | Ziggurat |
| 14:28 | Ziggurat |
| 14:29 | Ziggurat |
| 15:20 | Boots of Speed |
| 15:20 | Staff of Teleportation |
| 15:21 | Circlet of Nobility |
| 15:26 | Scroll of Town Portal |
| 15:34 | Spirit Tower |
| 15:38 | Ziggurat |
| 15:39 | Ziggurat |
| 15:40 | Ziggurat |
| 18:17 | Improved Creature Attack |
| 18:17 | Improved Creature Carapace |
| 19:04 | Acolyte |
| 19:04 | Acolyte |
| 19:59 | Ziggurat |
| 20:30 | Tomb of Relics |
| 20:36 | Spirit Tower |
| 21:17 | Sleep |
| 21:30 | Scroll of Town Portal |
| 21:39 | Orb of Corruption |
| 22:16 | Staff of Teleportation |
| 24:25 | Obsidian Statue |
| 26:12 | Frost Nova |
| 29:41 | Sacrificial Pit |
| 29:49 | Advanced Creature Attack |
| 29:49 | Advanced Creature Carapace |
| 30:44 | Boneyard |
| 34:40 | Carrion Swarm |
| 35:15 | Death Coil |
| 35:23 | Frost Wyrm |
| 35:24 | Freezing Breath |
| 39:00 | Dark Ritual |
| 41:12 | Frost Wyrm |
| 43:04 | Sleep |
| 44:42 | Acolyte |
| 45:51 | Unholy Aura |
| Right click | 3968 |
| Select group | 1070 |
| Select | 925 |
| Misc. action | 366 |
| Use ability | 149 |
| Build/train/purchase | 92 |
| Assign group | 24 |
| Chat | 8 |
| Item give/drop | 4 |
| Minimap ping | 4 |
| Remove unit | 2 |
| Esc | 1 |



| Scroll of Regeneration | 1 | 100 |
| Potion of Healing | 1 | 150 |
| Staff of Sanctuary | 4 | 1000 |
| Orb of Fire | 2 | 650 |
| Boots of Speed | 3 | 750 |
| Staff of Teleportation | 3 | 450 |
| Periapt of Vitality | 1 | 325 |
| Orb of Corruption | 1 | 375 |
| total: | 16 | 3800g |
| Peasant | 16 | 1200 | / | 0 |
| Priest | 1 | 135 | / | 10 |
| Dragonhawk Rider | 4 | 800 | / | 120 |
| total: | 21 | 2135g | / | 130w |
| Scout Tower | 80 | 2400 | / | 1600 |
| Arcane Tower | 7 | 490 | / | 350 |
| Guard Tower | 37 | 2590 | / | 1850 |
| Altar of Kings | 1 | 180 | / | 50 |
| Farm | 5 | 400 | / | 100 |
| Lumber Mill | 1 | 120 | / | 0 |
| Arcane Vault | 3 | 390 | / | 90 |
| Town Hall | 1 | 385 | / | 205 |
| Blacksmith | 1 | 140 | / | 60 |
| Barracks | 1 | 160 | / | 60 |
| Arcane Sanctum | 1 | 150 | / | 140 |
| Gryphon Aviary | 1 | 140 | / | 150 |
| Keep | 1 | 320 | / | 210 |
| Castle | 1 | 360 | / | 210 |
| total: | 95 | 4465g | / | 2455w |
| 0:02 | Peasant |
| 0:02 | Peasant |
| 0:07 | Altar of Kings |
| 0:21 | Farm |
| 0:25 | Peasant |
| 0:42 | Peasant |
| 0:49 | Farm |
| 0:51 | Lumber Mill |
| 0:53 | Peasant |
| 1:03 | Peasant |
| 1:20 | Scout Tower |
| 1:21 | Peasant |
| 1:27 | Peasant |
| 1:30 | Arcane Vault |
| 1:37 | Arcane Vault |
| 1:38 | Arcane Vault |
| 1:41 | Scout Tower |
| 1:43 | Peasant |
| 1:55 | Arcane Tower |
| 1:57 | Peasant |
| 2:06 | Blizzard |
| 2:19 | Guard Tower |
| 2:20 | Scout Tower |
| 2:21 | Scout Tower |
| 2:22 | Scout Tower |
| 2:29 | Scout Tower |
| 2:41 | Scout Tower |
| 2:46 | Scroll of Regeneration |
| 2:47 | Peasant |
| 2:47 | Peasant |
| 2:52 | Guard Tower |
| 3:03 | Peasant |
| 3:04 | Peasant |
| 3:32 | Scout Tower |
| 3:34 | Scout Tower |
| 3:35 | Guard Tower |
| 3:42 | Brilliance Aura |
| 3:48 | Keep |
| 3:50 | Guard Tower |
| 4:58 | Guard Tower |
| 5:10 | Scout Tower |
| 5:11 | Scout Tower |
| 5:11 | Scout Tower |
| 5:13 | Farm |
| 5:14 | Farm |
| 5:15 | Improved Masonry |
| 5:45 | Guard Tower |
| 5:46 | Guard Tower |
| 5:53 | Scout Tower |
| 5:54 | Scout Tower |
| 6:04 | Guard Tower |
| 6:05 | Scout Tower |
| 6:05 | Scout Tower |
| 6:06 | Scout Tower |
| 6:23 | Guard Tower |
| 6:39 | Guard Tower |
| 6:40 | Castle |
| 7:00 | Arcane Sanctum |
| 7:04 | Guard Tower |
| 7:05 | Guard Tower |
| 7:20 | Potion of Healing |
| 7:23 | Storm Bolt |
| 7:30 | Scout Tower |
| 7:31 | Scout Tower |
| 7:32 | Scout Tower |
| 7:32 | Scout Tower |
| 7:33 | Scout Tower |
| 7:33 | Scout Tower |
| 7:49 | Advanced Masonry |
| 8:05 | Boots of Speed |
| 8:28 | Arcane Tower |
| 8:28 | Guard Tower |
| 9:27 | Guard Tower |
| 9:31 | Magic Sentry |
| 10:02 | Staff of Sanctuary |
| 10:05 | Holy Light |
| 10:12 | Imbued Masonry |
| 10:15 | Scout Tower |
| 10:16 | Scout Tower |
| 10:17 | Guard Tower |
| 11:16 | Guard Tower |
| 12:19 | Priest |
| 12:47 | Scout Tower |
| 12:47 | Scout Tower |
| 12:48 | Scout Tower |
| 12:48 | Scout Tower |
| 12:49 | Scout Tower |
| 12:49 | Scout Tower |
| 13:21 | Boots of Speed |
| 13:45 | Staff of Sanctuary |
| 13:46 | Orb of Fire |
| 13:48 | Guard Tower |
| 13:51 | Arcane Tower |
| 14:09 | Town Hall |
| 14:32 | Boots of Speed |
| 14:40 | Scout Tower |
| 14:41 | Scout Tower |
| 14:41 | Scout Tower |
| 14:42 | Scout Tower |
| 14:42 | Scout Tower |
| 14:43 | Scout Tower |
| 14:58 | Guard Tower |
| 15:02 | Guard Tower |
| 15:26 | Guard Tower |
| 15:45 | Scout Tower |
| 15:46 | Scout Tower |
| 15:46 | Scout Tower |
| 15:47 | Scout Tower |
| 15:48 | Guard Tower |
| 15:58 | Staff of Sanctuary |
| 17:17 | Blizzard |
| 18:16 | Guard Tower |
| 18:17 | Peasant |
| 18:17 | Peasant |
| 18:19 | Scout Tower |
| 18:20 | Scout Tower |
| 18:21 | Scout Tower |
| 18:21 | Scout Tower |
| 18:22 | Scout Tower |
| 18:22 | Scout Tower |
| 18:23 | Scout Tower |
| 18:25 | Staff of Teleportation |
| 18:43 | Staff of Sanctuary |
| 19:41 | Orb of Corruption |
| 20:25 | Orb of Fire |
| 20:43 | Guard Tower |
| 21:18 | Guard Tower |
| 21:22 | Gryphon Aviary |
| 21:23 | Blacksmith |
| 21:25 | Barracks |
| 21:26 | Farm |
| 21:29 | Improved Lumber Harvesting |
| 21:31 | Bash |
| 21:50 | Scout Tower |
| 21:51 | Scout Tower |
| 21:51 | Scout Tower |
| 21:51 | Scout Tower |
| 21:52 | Scout Tower |
| 21:52 | Scout Tower |
| 21:53 | Scout Tower |
| 21:53 | Scout Tower |
| 22:20 | Scout Tower |
| 22:21 | Scout Tower |
| 22:21 | Scout Tower |
| 22:23 | Scout Tower |
| 22:45 | Dragonhawk Rider |
| 22:46 | Animal War Training |
| 22:46 | Iron Forged Swords |
| 22:46 | Studded Leather Armor |
| 23:16 | Dragonhawk Rider |
| 23:17 | Dragonhawk Rider |
| 23:18 | Guard Tower |
| 23:19 | Guard Tower |
| 25:00 | Arcane Tower |
| 25:00 | Guard Tower |
| 26:53 | Staff of Teleportation |
| 26:57 | Guard Tower |
| 28:07 | Staff of Teleportation |
| 29:17 | Divine Shield |
| 29:27 | Divine Shield |
| 29:53 | Dragonhawk Rider |
| 30:24 | Scout Tower |
| 30:25 | Scout Tower |
| 30:26 | Scout Tower |
| 30:26 | Scout Tower |
| 30:27 | Scout Tower |
| 30:27 | Scout Tower |
| 30:28 | Scout Tower |
| 30:28 | Scout Tower |
| 31:45 | Storm Bolt |
| 32:29 | Guard Tower |
| 34:06 | Arcane Tower |
| 34:06 | Guard Tower |
| 34:07 | Guard Tower |
| 34:14 | Scout Tower |
| 34:15 | Scout Tower |
| 34:15 | Scout Tower |
| 34:16 | Scout Tower |
| 34:17 | Scout Tower |
| 34:17 | Scout Tower |
| 34:18 | Scout Tower |
| 34:18 | Scout Tower |
| 34:19 | Scout Tower |
| 34:19 | Scout Tower |
| 34:20 | Scout Tower |
| 34:20 | Scout Tower |
| 34:39 | Brilliance Aura |
| 35:06 | Storm Bolt |
| 36:06 | Guard Tower |
| 39:08 | Holy Light |
| 40:02 | Arcane Tower |
| 40:03 | Guard Tower |
| 41:54 | Periapt of Vitality |
| 43:08 | Bash |
| 44:31 | Brilliance Aura |
| 45:41 | Divine Shield |
| Right click | 3981 |
| Select group | 1020 |
| Select | 791 |
| Build/train/purchase | 188 |
| Use ability | 168 |
| Chat | 115 |
| Assign group | 22 |
| Misc. action | 19 |
| Item give/drop | 9 |
| Minimap ping | 7 |